 Dungeon Crawl Stone Soup version 0.19.5 (webtiles) character file.

265 JeffiDaFish the Shield-Bearer (level 6, -1/37 HPs)
             Began as a Gargoyle Fighter on Mar 10, 2017.
             Slain by antares's ghost (11 damage)
             ... on level 4 of the Dungeon.
             The game lasted 00:05:24 (2856 turns).

JeffiDaFish the Shield-Bearer (Gargoyle Fighter)    Turns: 2856, Time: 00:05:25

Health: -1/37      AC: 13    Str: 24      XL:     6   Next: 20%
Magic:  6/6        EV:  8    Int:  9      God:
Gold:   147        SH: 10    Dex: 10 (11) Spells: 0 memorised, 5 levels left

rFire  . . .     SeeInvis .     a - +1 flail
rCold  . . .     Gourm    .     b - +0 scale mail
rNeg   + . .     Faith    .     c - +0 shield
rPois  ∞         Spirit   .     e - +1 hat
rElec  +         Reflect  .     (no cloak)
rCorr  .         Harm     .     g - +0 pair of gloves
MR     .....                    (no boots)
Stlth  ..........               (no amulet)
                                (no ring)
                                (no ring)

@: mighty
A: negative energy resistance 1, electricity resistance, unbreathing,
petrification resistance, rot immunity, AC +4
a: no special abilities


You were on level 4 of the Dungeon.
You were not hungry.

You visited 1 branch of the dungeon, and saw 4 of its levels.

You collected 147 gold pieces.

Inventory:

Hand Weapons
 a - a +1 flail (weapon)
Armour
 b - a +0 scale mail (worn)
 c - a +0 shield (worn)
 e - a +1 hat (worn)
 g - a +0 pair of gloves (worn)
Scrolls
 k - a scroll of remove curse
Potions
 h - a potion of magic
Comestibles
 f - 2 bread rations
 i - 2 beef jerkies
 j - 2 meat rations


   Skills:
 + Level 3.6 Fighting
 + Level 3.6 Maces & Flails
 + Level 4.3 Armour
 + Level 1.5 Dodging
 + Level 0.2 Stealth
 + Level 5.0 Shields


You had 5 spell levels left.
You didn't know any spells.

Dungeon Overview and Level Annotations

Branches:
Dungeon (4/15)
 Temple: D:4-7

Altars:

Annotations:
D:4 antares's ghost, amateur HOFi


Innate Abilities, Weirdness & Mutations

You are resistant to torment.
Your stone body is resilient. (AC +4)
You are immune to poison.
You resist negative energy. (rN+)
You are resistant to electric shocks. (rElec)
You can survive without breathing.
You are immune to petrification.
You are immune to rotting.


Message History

You sock antares's ghost!
Antares's ghost is moderately damaged.
Antares's ghost hits you! The ogre barely misses you.
You hit antares's ghost but do no damage.
Antares's ghost is moderately damaged.
Antares's ghost barely misses you. The ogre hits you with a giant club.
Antares's ghost hits you.
You sock antares's ghost!
Antares's ghost is heavily damaged.
You block antares's ghost's attack. The ogre hits you with a giant club!
* * * LOW HITPOINT WARNING * * *
You are too injured to fight recklessly!
You are too injured to fight recklessly!
You barely miss antares's ghost.
Antares's ghost is heavily damaged.
Antares's ghost hits you but does no damage.
You barely miss antares's ghost.
Antares's ghost is heavily damaged.
Antares's ghost barely misses you. Antares's ghost hits you!
You die...

...........##.##.#
........#####.##.#
.######.# #.##.#
####.#####.##..
#.....)....####
#..........#
#..........####
#.........(...#
######@##.....#
####W##.....#
#...O..#.####
#......#.#
#........#
####.....# ......#
...#...# ....##..#


You could see an ogre and antares's ghost.

Vanquished Creatures
  The ghost of meatyocre the Chopper, an amateur HOMo (D:3)
  A worker ant (D:4)
  4 gnolls (D:3)
  5 adders
  An ooze (D:1)
  A worm (D:3)
  2 dart slugs
  A leopard gecko (D:1)
  3 ball pythons
  9 bats
  4 giant cockroaches
  4 goblins
  4 hobgoblins
  2 jackals (D:2)
  2 quokkas
  3 frilled lizards
  7 kobolds
  A leopard gecko skeleton (D:4)
  8 rats
63 creatures vanquished.

Notes
Turn   | Place    | Note
-------+----------+-------------------------------------------
     0 | D:1      | JeffiDaFish the Gargoyle Fighter began the quest for the Orb.
     0 | D:1      | Reached XP level 1. HP: 14/14 MP: 1/1
   243 | D:1      | Reached XP level 2. HP: 19/19 MP: 2/2
   902 | D:1      | Reached XP level 3. HP: 15/23 MP: 3/3
  1339 | D:2      | Reached skill level 4 in Shields
  1339 | D:2      | Reached XP level 4. HP: 26/28 MP: 4/4
  1853 | D:3      | Noticed meatyocre's ghost (amateur HOMo)
  1890 | D:3      | Killed meatyocre's ghost
  1890 | D:3      | Reached skill level 1 in Dodging
  1890 | D:3      | Reached XP level 5. HP: 19/32 MP: 5/5
  2492 | D:3      | Reached XP level 6. HP: 35/37 MP: 6/6
  2757 | D:4      | Reached skill level 5 in Shields
  2828 | D:4      | Identified the cursed +2 dagger of Uros {freeze, rF+ MP+9} (You found it on level 4 of the Dungeon)
  2844 | D:4      | Noticed antares's ghost (amateur HOFi)
  2856 | D:4      | Slain by antares's ghost

Skill      XL: |  1  2  3  4  5  6 |
---------------+-------------------+-----
Armour         | 4 |  4.3
Shields        | 4 5 |  5.0
Maces & Flails | 3 |  3.6
Dodging        | 1 |  1.5
Fighting       | |  3.6
Stealth        | |  0.2

Action                   |  1- 3 |  4- 6 || total
-------------------------+-------+-------++-------
Melee: Flail             |   141 |   180 ||   321
  Use: Scroll            |     5 |     8 ||    13
       Potion            |     1 |     8 ||     9
  Eat: Chunk             |     2 |     5 ||     7
Armor: Scale mail        |    69 |   106 ||   175
Dodge: Dodged            |    44 |    78 ||   122
Block: Shield            |    89 |   106 ||   195
